 Dungeon Crawl Stone Soup version 0.22-a0-515-g75794bf (webtiles) character file.

163 inc the Shield-Bearer (level 5, -1/36 HPs)
             Began as an Octopode Fighter on June 19, 2018.
             Slain by Grinder (8 damage)
             ... while paralysed by Grinder
             ... on level 3 of the Dungeon.
             The game lasted 00:02:08 (2221 turns).

inc the Shield-Bearer (Octopode Fighter)            Turns: 2221, Time: 00:02:08

Health: -1/36      AC:  1    Str: 15    XL:     5   Next: 44%
Magic:  5/5        EV:  2    Int: 12    God:
Gold:   169        SH:  0    Dex: 11    Spells: 4/4 levels left

rFire    . . .     SeeInvis .     - Unarmed
rCold    . . .     Gourm    .   a - +0 shield
rNeg     . . .     Faith    .   (helmet restricted)
rPois    .         Spirit   .   (no amulet)
rElec    .         Reflect  .   (no ring)
rCorr    .         Harm     .   (no ring)
MR       .....                  (no ring)
Stlth    ++........             (no ring)
HPRegen  0.12/turn              (no ring)
MPRegen  0.09/turn              (no ring)
                                (no ring)
                                (no ring)

@: paralysed
A: almost no armour, stealthy swim, amphibious, 8 rings, constrict 8, camouflage
1, gelatinous body 1
a: no special abilities


You were on level 3 of the Dungeon.
You were not hungry.

You visited 1 branch of the dungeon, and saw 3 of its levels.

You collected 169 gold pieces.

Inventory:

Armour
 a - a +0 shield (worn)
Jewellery
 i - an uncursed ring of protection from cold {unknown}
 j - an uncursed ring of poison resistance {unknown}
Scrolls
 e - 3 scrolls of remove curse {unknown}
 g - 2 scrolls of identify {unknown}
 l - a scroll of teleportation {unknown}
Potions
 b - 2 potions of might
 d - a potion of flight {unknown}
 f - 2 potions of degeneration {unknown}
 h - 2 potions of brilliance {unknown}
 k - a potion of mutation {unknown}
Comestibles
 c - 4 rations


   Skills:
 - Level 3.0 Fighting
 - Level 3.0 Dodging
 + Level 5.9 Shields
 - Level 2.1 Unarmed Combat


You had 4 spell levels left.
You didn't know any spells.
Your spell library was empty.

Dungeon Overview and Level Annotations

Branches:
Dungeon (3/15)

Altars:

Annotations:
D:3 Grinder


Innate Abilities, Weirdness & Mutations

You cannot wear most types of armour.
You are very stealthy in the water. (Stealth+)
You are amphibious.
You can wear up to eight rings at the same time.
You can use your tentacles to constrict eight enemies at once.
Your skin changes colour to match your surroundings (Stealth+).
Your rubbery body absorbs attacks. (AC +1, EV +1)


Message History

Unknown command.
You tentacle-slap Grinder.
Grinder is moderately wounded.
You constrict Grinder. You block the jackal's attack. Grinder hits you.
You writhe in agony.
* * * LOW HITPOINT WARNING * * *
Unknown command.
You tentacle-slap Grinder. Your squeeze misses Grinder.
Grinder is moderately wounded.
You constrict Grinder. You block the jackal's attack.
The jackal barely misses you. Grinder gestures at you.
You suddenly lose the ability to move!
You lose your grip on Grinder.
The jackal bites you.
* * * LOW HITPOINT WARNING * * *
The jackal barely misses you. The jackal bites you.
* * * LOW HITPOINT WARNING * * *
Grinder says, "At least Makhleb appreciates what I'm doing."
Grinder hits you!
You die...

#........ #.......##
......... .......###
# #.......#.#
%###.......#.#
......5......#
#...h@...########
#...h...........#
##..............###.#
#..................#
########....[..#####
#######.# #.######
#.)....( ########


You could see Grinder and 2 jackals.

Vanquished Creatures
  Natasha (D:3)
  An orc wizard (D:3)
  3 adders
  An ooze (D:2)
  2 worms (D:2)
  3 dart slugs (D:2)
  A leopard gecko (D:1)
  3 orcs (D:3)
  3 bats
  3 giant cockroaches
  3 goblins
  5 hobgoblins
  10 jackals
  10 kobolds
  2 ball pythons
  3 frilled lizards
  14 rats
68 creatures vanquished.

Notes
Turn   | Place    | Note
-------+----------+-------------------------------------------
     0 | D:1      | inc the Octopode Fighter began the quest for the Orb.
     0 | D:1      | Reached XP level 1. HP: 16/16 MP: 1/1
   157 | D:1      | Reached XP level 2. HP: 7/21 MP: 2/2
   538 | D:1      | Reached skill level 4 in Shields
   541 | D:1      | Reached XP level 3. HP: 19/26 MP: 3/3
   895 | D:2      | Reached XP level 4. HP: 20/31 MP: 4/4
  1139 | D:2      | Reached skill level 5 in Shields
  1662 | D:3      | Noticed Natasha
  1669 | D:3      | Killed Natasha
  1669 | D:3      | Reached XP level 5. HP: 14/36 MP: 5/5
  2209 | D:3      | Noticed Grinder
  2210 | D:3      | Paralysed by Grinder for 4 turns
  2220 | D:3      | Paralysed by Grinder for 6 turns
  2221 | D:3      | Slain by Grinder

Vault maps used:
D:1:      minmay_arrival_stone_box, minmay_circled_x
D:2:      first_ration, serial_glass, glass_columns_c, glass_columns_a,
          glass_columns_a, minmay_strange_pillars, feat_on_display,
          feat_on_display, due_unseen_surprise, minmay_misc_feat_tower,
          minmay_tetromino_t2
D:3:      uniq_grinder, uniq_natasha

Skill      XL: |  1  2  3  4 |
---------------+-------------+-----
Shields        | 4 5 |  5.9
Fighting       | |  3.0
Dodging        | |  3.0
Unarmed Combat | |  2.1

Action                   |  1- 3 |  4- 6 || total
-------------------------+-------+-------++-------
Melee: Unarmed           |    72 |    92 ||   164
       Constrict         |    24 |    24 ||    48
       Tentacles         |    14 |    17 ||    31
       Punch             |     2 |     1 ||     3
 Stab: Sleeping          |     1 |     8 ||     9
  Eat: Chunk             |       |     4 ||     4
Armor: Skin              |     2 |     3 ||     5
Dodge: Dodged            |    25 |    27 ||    52
Block: Shield            |    27 |    36 ||    63

Table legend:
 A = Spawn XP
 B = Non-spawn XP
 C = Spawn XP percentage of total XP
 D = Spawn monster count
 E = Non-spawn monster count
 F = Spawn count percentage of total count
 G = Total turns spent on level
                    A         B        C        D         E        F      G
               +---------+---------+-------+---------+---------+-------+---------
         Total |       0 |     234 |   0.0 |       0 |      68 |   0.0 |  2221
               +---------+---------+-------+---------+---------+-------+---------
           D:1 |       0 |      39 |   0.0 |       0 |      23 |   0.0 |   824
           D:2 |       0 |      90 |   0.0 |       0 |      30 |   0.0 |   811
           D:3 |       0 |     105 |   0.0 |       0 |      15 |   0.0 |   586
               +---------+---------+-------+---------+---------+-------+---------
